 Dungeon Crawl Stone Soup version 0.32-a0-938-g40ac7a0f4d (webtiles) character file.

Game seed: 9071911498858264225

275 porpoise the Poker (level 6, -2/48 HPs)
             Began as a Demonspawn Gladiator on Apr 16, 2024.
             Slain by a gnoll
             ... wielding a +0 scythe
              (8 damage)
             ... on level 4 of the Dungeon.
             The game lasted 00:05:25 (3106 turns).

porpoise the Poker (Demonspawn Gladiator)           Turns: 3106, Time: 00:05:26

Health: -2/48      AC:  8    Str: 17    XL:     6   Next: 3%
Magic:  6/6        EV: 10    Int:  8    God:
Gold:   187        SH:  0    Dex: 14    Spells: 5/5 levels left

rFire   . . .        a - +0 trident
rCold   . . .        (no shield)
rNeg    . . .        i - +0 ring mail
rPois   +            n - +1 helmet
rElec   .            (no cloak)
rCorr   .            j - +0 pair of gloves
SInv    .            (no boots)
Will    .....        (no amulet)
Stlth   +            s - ring of poison resistance
HPRegen 0.28/turn    (no ring)
MPRegen 0.10/turn

%: no passive effects
@: no status effects
A: demonic guardian 2, demonic magic 1
a: no special abilities


You were on level 4 of the Dungeon.
You visited 1 branch of the dungeon, and saw 4 of its levels.

You collected 187 gold pieces.

Inventory:

Hand Weapons
 a - a +0 trident (weapon)
Missiles
 d - 3 throwing nets (quivered)
 e - a javelin
 p - 5 poisoned darts
Armour
 i - a +0 ring mail (worn)
 j - a +0 pair of gloves (worn)
 n - a +1 helmet (worn)
Jewellery
 s - a ring of poison resistance (left hand)
Wands
 w - a wand of light (9)
Scrolls
 b - a scroll of immolation
 c - a scroll of silence {unknown}
 f - a scroll of revelation {unknown}
 h - a scroll of enchant weapon {unknown}
 l - a scroll of vulnerability {unknown}
 m - 2 scrolls of teleportation {unknown}
 o - a scroll of poison {unknown}
 t - a scroll of brand weapon {unknown}
 u - a scroll of fog {unknown}
 v - a scroll of acquirement {unknown}
Potions
 g - a potion of lignification
 k - 2 potions of curing
 q - 2 potions of attraction
 r - a potion of invisibility {unknown}
 x - a potion of haste {unknown}


   Skills:
 + Level 4.0 Fighting
 * Level 5.3 Polearms
 - Level 1.7 Throwing
 - Level 2.6 Dodging


You had 5 spell levels left.
You didn't know any spells.
Your spell library contained the following spells:

 Spells                   Type           Power      Damage    Failure   Level
 Fugue of the Fallen      Necr           0%         N/A       94%         3
 Ozocubu's Armour         Ice            0%         N/A       94%         3
 Manifold Assault         Tloc           0%         N/A       100%        7


Dungeon Overview and Level Annotations

Branches:
Dungeon (4/15)
 Temple: D:4-7

Altars:
Ru
Vehumet

Annotations:
D:3 1 runed translucent door, uglyjohn's ghost, weakling DrCj
D:4 Sigmund


Innate Abilities, Weirdness & Mutations

A demonic guardian rushes to your aid.
Spells you cast may paralyse adjacent enemies.


Message History

You are too injured to fight recklessly!
You are too injured to fight recklessly!
You are too injured to fight recklessly!
Unknown command.
Reach: a) +0 trident
Press: ? - help, Dir - move target, f/p - Sigmund
Aim: Sigmund, wielding a +0 scythe and wearing a +0 robe (heavily wounded, about 42% to evade your +0 trident)
You reach to attack!
You completely miss Sigmund.
Sigmund is heavily wounded.
The gnoll misses you. The gnoll barely misses you.
Sigmund hits you from afar with a +0 scythe.
* * * LOW HITPOINT WARNING * * *
The gnoll barely misses you.
Your hellwing swoops through the air toward the gnoll!
Something barely misses the gnoll.
Something hits the gnoll but does no damage.
Unknown command.
The gnoll hits you from afar with a +0 scythe.
* * * LOW HITPOINT WARNING * * *
Unknown command.
Reach: a) +0 trident
Press: ? - help, Dir - move target, f - gnoll
Aim: a gnoll, wielding a +0 scythe and wearing a +0 robe (about 35% to evade your +0 trident)
You reach to attack!
You hit the gnoll.
The gnoll is moderately wounded.
The gnoll hits you from afar with a +0 scythe.
* * * LOW HITPOINT WARNING * * *
Reach: a) +0 trident
Press: ? - help, Dir - move target, f/p - gnoll
Aim: a gnoll, wielding a +0 scythe and wearing a +0 robe (moderately wounded, about 35% to evade your +0 trident)
You reach to attack!
You hit the gnoll.
The gnoll is severely wounded.
The gnoll closely misses you.
Reach: a) +0 trident
Press: ? - help, Dir - move target, f/p - gnoll
Aim: a gnoll, wielding a +0 scythe and wearing a +0 robe (severely wounded, about 35% to evade your +0 trident)
You reach to attack!
You hit the gnoll.
The gnoll is severely wounded.
The gnoll hits you from afar with a +0 scythe!
You die...

#......................##......
###....................#.......
###...##.........>..[...........
#............###....[<#.........
#............##.....รท##........#
#................#....#.........
#..##..#......####...##.......#
###........#.......##....#...
###.#.#..####@....#...###....
#####..#..#........## #....
##..#..g.....#..# ...#
##...#..#....##..###...#
##....####................
#........##...#.#....##..
##.##.##.###.####....#.##
#.........##.# ##......#
#...#........####.....#...


You could see a gnoll.

Vanquished Creatures
  A bombardier beetle (D:4)
  A hound (D:4)
  An orc wizard (D:4)
  7 adders
  3 dart slugs
  2 ribbon worms (D:2)
  5 orcs (D:3)
  6 bats
  9 endoplasms
  A giant cockroach (D:1)
  6 goblins
  4 hobgoblins
  3 jackals (D:3)
  5 quokkas
  A ball python (D:1)
  5 frilled lizards
  2 kobolds
  6 rats
68 creatures vanquished.

Vanquished Creatures (collateral kills)
  An orc wizard (D:4)
  An adder (D:4)
  An orc (D:4)
3 creatures vanquished.

Grand Total: 71 creatures vanquished

Notes
Turn   | Place    | Note
-------+----------+-------------------------------------------
     0 | D:1      | porpoise the Demonspawn Gladiator began the quest for the
                  | Orb.
     0 | D:1      | Reached XP level 1. HP: 16/16 MP: 1/1
   127 | D:1      | Reached skill level 3 in Polearms
   187 | D:1      | Gained mutation: A weak demonic guardian rushes to your
                  | aid. [demonic ancestry]
   187 | D:1      | Reached XP level 2. HP: 22/22 MP: 2/2
   536 | D:2      | Gained mutation: Spells you cast may paralyse adjacent
                  | enemies. [demonic ancestry]
   536 | D:2      | Reached XP level 3. HP: 26/28 MP: 3/3
  1519 | D:3      | Reached skill level 4 in Polearms
  1519 | D:3      | Gained mutation: A demonic guardian rushes to your aid.
                  | [demonic ancestry]
  1519 | D:3      | Reached XP level 4. HP: 24/35 MP: 4/4
  2222 | D:3      | Found a runed translucent door.
  2232 | D:3      | Found a radiant altar of Vehumet.
  2349 | D:3      | Noticed uglyjohn's ghost (weakling DrCj)
  2510 | D:4      | Reached XP level 5. HP: 11/41 MP: 5/5
  2848 | D:4      | Reached skill level 5 in Polearms
  2911 | D:4      | Found a sacrificial altar of Ru.
  3019 | D:4      | Reached XP level 6. HP: 48/48 MP: 6/6
  3094 | D:4      | Noticed Sigmund
  3106 | D:4      | Slain by a gnoll

Illustrated notes

Levels and vault maps discovered:
D:1:      doesnt_arrival_eight_statues, layout_basic, minmay_cut_off
D:2:      layout_basic
D:3:      layout_basic, mainiacjoe_overflow_alcove_2,
          ebering_ghost_reflecting_pool
D:4:      layout_cave_pools, lightli_temple_of_fire, lemuel_round_altar,
          minmay_misc_feat_cross, sigmund_army

Skill      XL: |  1  2  3  4  5 |
---------------+----------------+-----
Polearms       | 3 4 5 |  5.3
Fighting       | 3 4 |  4.0
Throwing       | |  1.7
Dodging        | |  2.6

Action                     |  1- 3 |  4- 6 || total
---------------------------+-------+-------++-------
  Melee: Trident           |   130 |   134 ||   264
    Use: Scroll            |     2 |     2 ||     4
         Potion            |       |     1 ||     1
   Stab: Sleeping          |     1 |       ||     1
 Armour: Ring mail         |    54 |   105 ||   159
         Leather armour    |     1 |       ||     1
  Dodge: Dodged            |    52 |   111 ||   163

Table legend: (Time is in decaauts)
 A = Elapsed time spent in this place.
 B = Non-inter-level travel time spent in this place.
 C = Inter-level travel time spent in this place.
 D = Time resting spent in this place.
 E = Time spent auto-exploring this place.
 F = Levels seen in this place.
 G = Mean time per level.
                   A        B        C        D        E       F      G
               +--------+--------+--------+--------+--------+-----+--------+
         Total |   3130 |   3038 |     92 |    583 |   1901 |   4 |  782.5 |
       Dungeon |   3130 |   3038 |     92 |    583 |   1901 |   4 |  782.5 |
               +--------+--------+--------+--------+--------+-----+--------+

Top non-repeatable levels by time:
     D:3: 1299 daAuts
     D:2: 991 daAuts
     D:1: 457 daAuts
     D:4: 381 daAuts
